 Seeded DCSS version 0.29.1-13-g9f3cf754e1 (webtiles) character file.

Game seed: 1 (custom seed)

505121 Kazon the Fetichist (level 24, -6/237 HPs)
             Began as a White Draconian Fighter on Jan 25, 2023.
             Was an Elder of Okawaru.
             Killed from afar by an ancient champion (45 damage)
             ... with an iron shot
             ... on level 3 of the Tomb of the Ancients on Jan 30, 2023.
             The game lasted 07:55:06 (48018 turns).

Kazon the Fetichist (White Draconian Fighter)      Turns: 48018, Time: 07:55:08

Health: -6/237     AC: 21    Str: 26    XL:     24   Next: 14%
Magic:  18/27      EV: 29    Int: 20    God:    Okawaru [****..]
Gold:   5404       SH: 17    Dex: 22    Spells: 23/23 levels left

rFire   + + +      SeeInvis +   f - +2 Maxwell's thermic engine {flame, freeze}
rCold   + . .      Faith    .   c - +0 kite shield of Lise {Regen+ Str+2 Slay+3}
rNeg    + + +      Spirit   .   (body armour unavailable)
rPois   +          Reflect  .   C - +0 mask of the Dragon {Will+ Slay+3 SInv}
rElec   .          Harm     .   z - +2 cloak "Anlutoopa" {*Slow rN+ Dex+4}
rCorr   +          Rampage  .   j - +2 pair of gloves {hurl}
Will    ++...                   r - +2 pair of boots "Woevoame" {Regen+}
Stlth   ++++++++..              Y - amulet "Odemouw" {Contam rPois rF+++ Regen+ Stlth+}
HPRegen 2.89/turn               p - ring "Paebalurch" {Fly rN+ rCorr MP-9 Int+8}
MPRegen 0.20/turn               i - ring of Charity {rN+ rCorr Str+4}

@: about to teleport, heroic, finesse-ful, flying, slowed, very slow
A: breathe frost, AC +12, unfitting armour, cold resistance 1, cold-blooded,
poison resistance, robust 1, noise suppression
}: 2/15 runes: barnacled, gossamer
a: Breathe Frost, Renounce Religion, Heroism, Finesse


You were on level 3 of the Tomb of the Ancients.
You worshipped Okawaru.
Okawaru was greatly pleased with you.
You visited 11 branches of the dungeon, and saw 45 of its levels.
You visited 1 bazaar.
You also visited: Gauntlet and Desolation.

You collected 8091 gold pieces.
You spent 2687 gold pieces at shops.

Inventory:

Hand Weapons
 e - the +7 captain's cutlass {speed, disarm}
   (You found it in the Desolation of Salt)

   Attacks with this weapon are significantly faster.
   It may disarm weapon-wielding foes when striking them, dealing extra damage
   in the process.
 f - the +2 Maxwell's thermic engine (weapon) {flame, freeze}
   (You found it on level 1 of the Lair of Beasts)

   It burns those it strikes, dealing additional fire damage.
   Big, fiery blades are also staple armaments of hydra-hunters.
   It freezes those it strikes, dealing additional cold damage.
   It can also slow down cold-blooded creatures.
   It becomes more effective when it hits something.
   This effect fades over time.
 v - a +9 vampiric double sword
Missiles
 g - 6 silver javelins
 n - 52 boomerangs
 o - 3 throwing nets
 y - 8 curare-tipped darts
 F - 6 atropa-tipped darts
 M - 16 javelins (quivered)
 T - 11 datura-tipped darts
Armour
 c - the +0 kite shield of Lise (worn) {Regen+ Str+2 Slay+3}
   (You acquired it on level 1 of the Dungeon)

   Str:       It affects your strength (+2).
   Slay:      It affects your accuracy & damage with ranged weapons and melee
   (+3).
   Regen:     It increases your rate of health regeneration.
 j - a +2 pair of gloves of hurling (worn)
 r - the +2 pair of boots "Woevoame" (worn) {Regen+}
   (Okawaru gifted it to you on level 13 of the Dungeon)

   Regen:     It increases your rate of health regeneration.
 z - the +2 cloak "Anlutoopa" (worn) {*Slow rN+ Dex+4}
   (Okawaru gifted it to you on level 2 of the Spider Nest)

   Dex:       It affects your dexterity (+4).
   rN:        It protects you from negative energy.
   *Slow:     It may slow you when you take damage.
 C - the +0 mask of the Dragon (worn) {Will+ Slay+3 SInv}
   (You bought it in a shop on level 3 of the Elven Halls)

   Slay:      It affects your accuracy & damage with ranged weapons and melee
   (+3).
   SInv:      It lets you see invisible.
   Will:      It increases your willpower.
Jewellery
 i - the ring of Charity (right hand) {rN+ rCorr Str+4}
   (You found it on level 3 of the Crypt)

   [ring of positive energy]

   Str:       It affects your strength (+4).
   rN:        It protects you from negative energy.
   rCorr:     It protects you from acid and corrosion.
 p - the ring "Paebalurch" (left hand) {Fly rN+ rCorr MP-9 Int+8}
   (You found it on level 3 of the Crypt)

   [ring of positive energy]

   Int:       It affects your intelligence (+8).
   rN:        It protects you from negative energy.
   MP:        It affects your magic capacity (-9).
   Fly:       It grants you flight.
   rCorr:     It protects you from acid and corrosion.
 U - the ring of Fosuul {rC+ rN+ Int+6}
   (You acquired it on level 1 of the Spider Nest)

   [ring of intelligence]

   Int:       It affects your intelligence (+6).
   rC:        It protects you from cold.
   rN:        It protects you from negative energy.
 Y - the amulet "Odemouw" (around neck) {Contam rPois rF+++ Regen+ Stlth+}
   (You bought it in a shop on level 8 of the Dungeon)

   [amulet of regeneration]

   rF:        It renders you almost immune to fire.
   rPois:     It protects you from poison.
   Contam:    It causes magical contamination when unequipped.
   Regen:     It increases your rate of health regeneration.
   Stlth:     It makes you more stealthy.
 Z - the ring "Xacius" {rPois rC+ Will+ Stlth-}
   (You found it in the Desolation of Salt)

   [ring of protection from cold]

   rC:        It protects you from cold.
   rPois:     It protects you from poison.
   Will:      It increases your willpower.
   Stlth:     It makes you less stealthy.
Wands
 q - a wand of digging (5)
 x - a wand of mindburst (47)
 E - a wand of paralysis (25)
 H - a wand of roots (38)
 K - a wand of flame (6)
 O - a wand of acid (10)
 P - a wand of polymorph (15)
Scrolls
 l - 3 scrolls of immolation
 u - 4 scrolls of magic mapping
 w - 10 scrolls of fog
 G - 7 scrolls of fear
 R - 4 scrolls of teleportation
 V - 4 scrolls of blinking
 W - 4 scrolls of silence
Potions
 b - 5 potions of berserk rage
 d - 7 potions of might
 h - 4 potions of heal wounds
 m - 10 potions of haste
 s - a potion of mutation
 t - 16 potions of lignification
 A - 6 potions of cancellation
 B - 5 potions of resistance
 D - 15 potions of curing
 N - a potion of invisibility
Miscellaneous
 I - a condenser vane (inert)
 J - a lightning rod (1/4)
 L - a tin of tremorstones (inert)
 Q - a piece from Xom's chessboard (15/15)
 S - a phial of floods


   Skills:
 + Level 17.9(22.9) Fighting
 + Level 10.3(20.1) Short Blades
 + Level 17.5(23.5) Long Blades
 * Level 4.7(9.7) Ranged Weapons
 + Level 12.2(17.2) Throwing
 + Level 16.5(21.5) Dodging
 + Level 13.2(18.2) Stealth
 + Level 16.3(21.3) Shields
 * Level 19.2 Invocations
 + Level 19.6 Evocations


You had 23 spell levels left.
You didn't know any spells.
Your spell library contained the following spells:

 Spells                   Type           Power      Damage    Failure   Level
 Apportation              Tloc           0%         N/A       24%         1
 Beastly Appendage        Tmut           0%         N/A       24%         1
 Magic Dart               Conj           0%         1d3       24%         1
 Necrotise                Necr           0%         1d4       24%         1
 Sandblast                Erth           0%         2d4       24%         1
 Shock                    Conj/Air       0%         1d3       24%         1
 Slow                     Hex            0%         N/A       24%         1
 Sting                    Tmut/Pois      0%         1d3       24%         1
 Ensorcelled Hibernation  Hex/Ice        0%         N/A       36%         2
 Passwall                 Tmut/Erth      0%         N/A       36%         2
 Poisonous Vapours        Pois/Air       0%         N/A       36%         2
 Scorch                   Fire           0%         2d5       36%         2
 Searing Ray              Conj           0%         2d4       36%         2
 Static Discharge         Conj/Air       0%         3-3/arc   36%         2
 Confusing Touch          Hex            0%         N/A       58%         3
 Dazzling Flash           Conj/Hex       0%         N/A       58%         3
 Gell's Gravitas          Tloc           0%         N/A       58%         3
 Mephitic Cloud           Conj/Pois/Air  0%         N/A       58%         3
 Ozocubu's Armour         Ice            0%         N/A       58%         3
 Swiftness                Air            0%         N/A       58%         3
 Teleport Other           Tloc           0%         N/A       58%         3
 Vampiric Draining        Necr           0%         2d6       58%         3
 Airstrike                Air            0%         2d(0-16)  94%         4
 Cause Fear               Hex            0%         N/A       94%         4
 Corpse Rot               Necr/Pois/Air  0%         N/A       94%         4
 Dispel Undead            Necr           0%         3d6       94%         4
 Flame Wave               Conj/Fire      0%         2d4       94%         4
 Hailstorm                Conj/Ice       0%         3d3       94%         4
 Ice Form                 Ice/Tmut       0%         N/A       94%         4
 Iskenderun's Mystic Bla  Conj/Tloc      0%         2d3       94%         4
 Leda's Liquefaction      Hex/Erth       0%         N/A       94%         4
 Olgreb's Toxic Radiance  Pois           0%         N/A       94%         4
 Passage of Golubria      Tloc           0%         N/A       94%         4
 Sticky Flame             Conj/Fire      0%         2d3       94%         4
 Agony                    Necr           0%         N/A       100%        5
 Alistair's Intoxication  Tmut/Pois      0%         N/A       100%        5
 Blade Hands              Tmut           0%         N/A       100%        5
 Borgnjor's Vile Clutch   Necr/Erth      0%         N/A       100%        5
 Fireball                 Conj/Fire      0%         3d3       100%        5
 Irradiate                Conj/Tmut      0%         3d11      100%        5
 Iskenderun's Battlesphe  Conj           0%         2d6       100%        5
 Lightning Bolt           Conj/Air       0%         1d11      100%        5
 Metabolic Englaciation   Hex/Ice        0%         N/A       100%        5
 Silence                  Hex/Air        0%         N/A       100%        5
 Yara's Violent Unravell  Hex/Tmut       0%         3d3       100%        5
 Conjure Ball Lightning   Conj/Air       0%         3x3d6     100%        6
 Dispersal                Tloc           0%         N/A       100%        6
 Eringya's Noxious Bog    Tmut/Pois      0%         N/A       100%        6
 Iron Shot                Conj/Erth      0%         9d1       100%        6
 Starburst                Conj/Fire      0%         6d3       100%        6
 Statue Form              Tmut/Erth      0%         N/A       100%        6
 Dragon Form              Tmut           0%         N/A       100%        7
 Enfeeble                 Hex            0%         N/A       100%        7
 Orb of Destruction       Conj           0%         9d5       100%        7
 Ozocubu's Refrigeration  Ice            0%         4d7       100%        7
 Discord                  Hex            0%         N/A       100%        8
 Disjunction              Tloc           0%         N/A       100%        8
 Ignition                 Fire           0%         3d3       100%        8
 Lehudib's Crystal Spear  Conj/Erth      0%         10d2      100%        8
 Summon Small Mammal      Summ           Unusable   N/A       N/A         1
 Call Imp                 Summ           Unusable   N/A       N/A         2
 Animate Armour           Summ/Erth      Unusable   N/A       N/A         4
 Animate Dead             Necr           Unusable   N/A       N/A         4
 Summon Lightning Spire   Summ/Air       Unusable   N/A       N/A         4
 Summon Forest            Summ/Tloc      Unusable   N/A       N/A         5
 Death Channel            Necr           Unusable   N/A       N/A         6
 Simulacrum               Ice/Necr       Unusable   N/A       N/A         6
 Summon Cactus Giant      Summ           Unusable   N/A       N/A         6
 Summon Hydra             Summ           Unusable   N/A       N/A         7
 Dragon's Call            Summ           Unusable   N/A       N/A         9

Dungeon Overview and Level Annotations

Branches:
Dungeon (15/15)            Temple (1/1) D:7            Lair (5/5) D:10
 Shoals (4/4) Lair:3       Spider (4/4) Lair:3        Slime (0/5) Lair:4
    Orc (2/2) D:12            Elf (3/3) Orc:2        Vaults (4/5) D:13
  Crypt (3/3) Vaults:3       Tomb (3/3) Crypt:3      Depths (1/4) D:15
Desolation (visited)      Gauntlet (visited)

Altars:
Ashenzari
Dithmenos
Elyvilon
Gozag
Hepliaklqana
Kikubaaqudgha
Makhleb
Nemelex Xobeh
Okawaru
Uskayaw
Xom
Zin
The Shining One
Jiyva

Shops:
D:3 (   D:8 ?(==   D:10 :   D:13 !   Orc:2 ([*=   Elf:2 [?!?   Elf:3 [(
Vaults:1 !   Vaults:2 [   Vaults:3 (((   Vaults:4 *

Portals:
Hell: Depths:1
Ziggurat: Depths:1

Annotations:
D:14 3 runed translucent doors, DemonSlayer's ghost, journeyman DsEE
Shoals:4 1 runed translucent door, elongatedgoose's ghost, journeyman MiFi
Elf:2 2 transporters, BeingJoeMalik's ghost, adept TeFi
Vaults:2 2 runed translucent doors, 2 transporters, exclusion: obsidian statue, LustLizard's ghost, adept GnWn
Crypt:1 2 transporters, exclusions: obsidian statue and orange crystal statue, yalue's ghost, adept MiFi


Innate Abilities, Weirdness & Mutations

You can breathe waves of freezing cold which knock back foes.
Your icy white scales are hard. (AC +12)
You cannot fit into any form of body armour.
Your flesh is cold resistant. (rC+)
You are cold-blooded and may be slowed by cold attacks.
Your system is resistant to poisons. (rPois)
You are robust. (+10% HP)
You passively dampen the noise of your surroundings.


Message History

The ancient champion hits you with a +3 battleaxe!!
* * * LOW HITPOINT WARNING * * *
The ancient champion hits you with a +1 battleaxe of draining!
* * * LOW HITPOINT WARNING * * *
The ancient champion completely misses you.
The skeletal warrior hits you with a +0 dire flail!
* * * LOW HITPOINT WARNING * * *
The death scarab misses you.
An ushabti comes into view.
The ancient champion points at you and mumbles some strange words.
The iron shot misses you.
The mummy moves out of view.
A guardian mummy comes into view.
Items here: )) ††.
Okay, then.
Unknown command.
Unknown command.
You feel much better. You block the death scarab's attack.
The death scarab completely misses you.
The ancient champion gestures at you while chanting.
The iron shot misses you.
You block the ancient champion's attack.
The ancient champion hits you with a +3 battleaxe.
* * * LOW HITPOINT WARNING * * *
The ancient champion gestures at you while chanting.
The iron shot misses you.
You block the ancient champion's attack.
The skeletal warrior closely misses you.
The death scarab closely misses you.
The ancient champion hits you with a +3 battleaxe!
* * * LOW HITPOINT WARNING * * *
A mummy comes into view.
The ancient champion completely misses you. x2
The ushabti shakes and rattles deafeningly!
As you read the scroll of teleportation, it crumbles to dust.
You feel strangely unstable. You block the death scarab's attack.
The ancient champion misses you.
You block the skeletal warrior's attack.
The ancient champion casts a spell at you.
The iron shot hits you!!!
You die... ####### ######## ##|MBBz## #.BBBB.# #}=zBzz@###bBBBBB# #=|)$MBzBz##BzBBBB# }[|$$$zzzz##BBBBBB# ==}$$..zMzM#zBBBBB#

))$$$...9.M#.zzBBB#
"|$.......('..zzBz+
)|$....(((.#M.MMBz#
$$........#MM...M#
.........##M.M...#


You could see 4 ancient champions, 3 skeletal warriors, 4 guardian mummies, an
ushabti (catching breath), 5 death scarabs, 5 flying skulls and 4 mummies.

Vanquished Creatures
  A dread lich (Crypt:3)
  Mara (Arena)
  4 royal mummies
  Frederick (Vaults:4)
  Bai Suzhen (Crypt:2)
  Nikola (Elf:2)
  7 liches
  2 deep elf blademasters (Elf:3)
  Rupert (D:12)
  2 deep elf master archers (Elf:3)
  12 sphinxes
  7 ancient champions
  Donald (Orc:2)
  Roxanne (D:15)
  Agnes (Elf:1)
  2 fire giants (Depths:1)
  4 revenants
  6 emperor scorpions
  11 vault wardens
  4 ghost moths
  3 deep elf sorcerers (Elf:3)
  Louise (Elf:3)
  2 imperial myrmidons (Desolation)
  3 orc warlords
  5 curse skulls
  A deep elf elementalist (Elf:3)
  5 reapers
  10 ghouls
  2 caustic shrike zombies (Crypt:3)
  13 ironbound preservers
  2 angels (Vaults:3)
  3 spriggan defenders (Depths:1)
  13 very ugly things
  2 broodmothers
  5 deep elf demonologists
  The ghost of SirLogeyBear the Severer, a journeyman HOBe of Trog (Orc:2)
  A stone giant (Depths:1)
  4 ironbound thunderhulks
  Nessos (D:12)
  A war gargoyle (Vaults:2)
  3 vampire knights
  4 deep elf annihilators (Elf:3)
  5 spark wasps
  Snorg (D:14)
  A minotaur (Gauntlet)
  2 halazid warlocks (Desolation)
  17 dire elephants
  Azrael (D:13)
  13 eidola
  4 entropy weavers
  7 deep elf death magi
  6 merfolk impalers
  14 mummy priests
  2 crystal guardians (Desolation)
  A quicksilver dragon zombie (Crypt:3)
  An ettin (Vaults:4)
  2 fire dragons
  5 ragged hierophants (Desolation)
  7 merfolk javelineers (Shoals:4)
  3 deep elf high priests
  3 ice dragons (Depths:1)
  6 great orbs of eyes
  9 yaktaur captains
  2 spriggan zombies (Crypt:3)
  5 boulder beetles
  11 jiangshi
  Fannar (Lair:2)
  4 hydras
  7 servants of whispers (Desolation)
  5 peacekeepers (Desolation)
  A spriggan skeleton (Tomb:2)
  Erolcha (D:10)
  4 catoblepae
  8 vault guards
  A ghost crab (Gauntlet)
  3 merfolk avatars
  An alligator snapping turtle (Shoals:4)
  10 centaur warriors
  7 ironbound frosthearts
  A jorogumo (Spider:4)
  4 deep troll shamans (Depths:1)
  3 two-headed ogres
  31 dancing weapons
  4 merfolk aquamancers
  4 satyrs
  3 deep troll earth magi (Depths:1)
  6 tengu warriors
  10 death yaks
  A titan zombie (Crypt:3)
  78 death scarabs
  An orc high priest (Orc:2)
  3 vampire magi
  Urug (Orc:1)
  2 spectral emperor scorpions (Spider:4)
  16 deep elf knights
  2 titan skeletons
  7 soul eaters
  2 iron trolls (Depths:1)
  A shadow wraith (Crypt:2)
  23 skeletal warriors
  13 pharaoh ants
  A fire crab (D:13)
  12 sea snakes
  3 sixfirhies (Gauntlet)
  A ghost moth zombie (Crypt:1)
  A sun moth (Spider:1)
  Lodul (D:12)
  A bunyip zombie (Crypt:3)
  A death drake (shapeshifter) (Vaults:2)
  A glowing orange brain (Vaults:4)
  8 steelbarb worms
  9 deep elf archers
  An anaconda zombie (Crypt:3)
  3 flayed ghosts (Crypt:2)
  2 bog bodies (Crypt:2)
  7 orb spiders
  40 deep trolls
  5 wizards
  A swamp dragon (Vaults:3)
  10 phantasmal warriors
  3 spriggan simulacra (D:14)
  4 lindwurms
  A bunyip skeleton (Crypt:3)
  14 ironbound convokers
  24 deep elf zephyrmancers
  7 spectral wolf spiders
  8 orc knights
  31 harpies
  11 necromancers (Crypt:3)
  4 orc sorcerers
  An iron dragon zombie (Crypt:1)
  A broodmother zombie (Spider:4)
  8 wolf spider zombies
  24 wolf spiders
  6 cyclopes
  A salamander (Vaults:3)
  29 deep elf pyromancers
  12 fauns
  3 shadow dragon skeletons (Crypt:3)
  41 ugly things
  A centaur zombie (Crypt:3)
  5 elephants (Lair:4)
  10 merfolk sirens
  20 manticores
  3 moths of wrath
  3 guardian serpents (Desolation)
  2 naga zombies
  17 vault sentinels
  5 black mambas
  2 dire elephant zombies
  A human skeleton (Tomb:1)
  11 cane toads
  8 torpor snails
  Maggie (D:6)
  A centaur skeleton (Crypt:3)
  2 naga skeletons (Crypt:3)
  4 rime drakes
  2 unseen horrors
  6 water nymphs
  A red draconian zombie (Crypt:1)
  A rime drake (shapeshifter) (D:15)
  A black draconian zombie (Crypt:1)
  An elephant slug zombie (Crypt:2)
  28 yaktaurs
  4 kobold demonologists (D:11)
  15 komodo dragons
  2 dire elephant skeletons (Crypt:3)
  2 spectral redbacks (Spider:4)
  14 demonic crawlers
  13 hellwings (Crypt:3)
  30 guardian mummies
  9 freezing wraiths
  2 tengu conjurers
  2 efreet
  4 redback zombies
  2 queen bees (shapeshifter) (Elf:1)
  5 trolls
  2 iron troll skeletons (Crypt:2)
  24 merfolk
  Prince Ribbit (D:9)
  3 harpy zombies
  9 meliai
  A meliai (shapeshifter) (D:13)
  A queen bee (Spider:4)
  A black draconian skeleton (Crypt:1)
  A spectral culicivora (Spider:4)
  2 spectral jumping spiders (Spider:4)
  8 wind drakes
  A polar bear (Lair:4)
  2 jumping spider zombies (Spider:4)
  3 harpy skeletons
  25 tarantellas
  17 blink frogs
  2 tarantella zombies (Spider:4)
  2 wolf spider simulacra (Spider:1)
  A hydra skeleton (Crypt:2)
  A hornet (Vaults:1)
  53 saltlings (Desolation)
  42 slime creatures
  11 dream sheep
  A culicivora zombie (Spider:4)
  38 jumping spiders
  12 snapping turtles
  2 shadows
  2 vampires
  2 air elementals (Elf:3)
  22 flying skulls
  7 wraiths
  63 yaks
  An ushabti (Tomb:2)
  32 culicivoras
  16 water elementals
  3 fire elementals
  5 wyverns
  6 basilisks
  Eustachio (D:5)
  6 vampire mosquitoes
  52 redbacks
  A slime creature zombie (Crypt:2)
  2 steam dragons
  Menkaure (D:5)
  3 minotaur simulacra (D:14)
  Edmund (D:6)
  2 wargs (Orc:1)
  A demonspawn zombie (Crypt:1)
  2 acid dragons
  A deep troll skeleton (Crypt:3)
  16 water moccasins
  2 hell hounds (D:13)
  A faun skeleton (Crypt:1)
  32 orc warriors
  2 ice beasts
  5 sky beasts
  2 black bears (D:6)
  3 boggarts (Vaults:2)
  5 centaurs
  11 ogres
  A wolf (D:10)
  A dream sheep skeleton (Crypt:1)
  A rime drake zombie (Crypt:2)
  2 phantoms (D:6)
  3 kobold brigands
  2 earth elementals
  7 necrophages
  A draconian skeleton (Crypt:2)
  6 bullfrogs
  2 deep troll simulacra (D:14)
  A gnoll sergeant (D:7)
  10 scorpions
  7 wyvern skeletons (Crypt:3)
  21 wights
  19 killer bees
  3 electric eels
  A howler monkey (D:5)
  2 jellies (D:6)
  6 hounds
  23 orc priests
  2 gnoll boudas
  6 iguanas
  29 orc wizards
  4 hell rats (Lair:3)
  20 mummies
  Robin (D:3)
  18 gnolls
  13 adders
  3 shadow imps
  2 white imps (D:7)
  An ufetubus (D:5)
  A worm zombie (Crypt:2)
  4 worms
  92 orcs
  11 endoplasms
  3 giant cockroaches
  16 goblins
  9 hobgoblins
  A jackal (D:4)
  27 kobolds
  2 quokkas
  5 ball pythons
  4 bats
  A butterfly zombie (Crypt:2)
  3 frilled lizards
  6 rats
2113 creatures vanquished.

Vanquished Creatures (collateral kills)
  Saint Roka (Vaults:4)
  2 orc high priests (Orc:2)
  An orc sorcerer (Orc:2)
  An ugly thing (Vaults:1)
  5 orc warriors
  8 orc priests (Orc:2)
  An orc wizard (Orc:2)
  6 orcs (Orc:2)
25 creatures vanquished.

Vanquished Creatures (others)
  Xtahua (Vaults:4)
  Asterion (Elf:3)
  A great orb of eyes (Vaults:1)
  2 deep elf knights
  An iron troll (Depths:1)
  A deep elf archer (Elf:2)
  A deep elf pyromancer (Elf:3)
  An orc sorcerer (Orc:2)
  A cyclops (D:14)
  An elephant (shapeshifter) (D:14)
  A saltling (Desolation)
  2 centaur simulacra (D:14)
  An air elemental (Elf:2)
  2 orc warriors (Orc:2)
  An orc wizard (Orc:2)
  2 orcs (Orc:2)
  24 fungi
  55 plants
  6 withered plants (Crypt:3)
105 creatures vanquished.

Grand Total: 2243 creatures vanquished

Notes
Turn   | Place    | Note
-------+----------+-------------------------------------------
     0 | D:1      | Kazon the Draconian Fighter began the quest for the Orb.
     0 | D:1      | Reached XP level 1. HP: 19/19 MP: 1/1
    32 | D:1      | Identified a scroll of acquirement
    32 | D:1      | Acquired the +0 kite shield of Lise {Regen+ Str+2 Slay+3}
   179 | D:1      | Reached XP level 2. HP: 26/26 MP: 2/2
   800 | D:2      | Reached XP level 3. HP: 33/33 MP: 3/3
  1110 | D:2      | Reached XP level 4. HP: 29/40 MP: 4/4
  1406 | D:3      | Found Umat's Antique Weapon Boutique.
  1418 | D:3      | Bought a crude falchion for 184 gold pieces
  1418 | D:3      | Identified the +3 falchion of Winter {venom, rCorr} (You
                  | bought it in a shop on level 3 of the Dungeon)
  1557 | D:3      | Noticed Robin
  1562 | D:3      | Killed Robin
  1603 | D:3      | Reached XP level 5. HP: 30/46 MP: 5/5
  1818 | D:3      | Reached skill level 5 in Long Blades
  1818 | D:3      | Reached skill level 5 in Dodging
  1818 | D:3      | Reached skill level 5 in Shields
  1818 | D:3      | Reached XP level 6. HP: 58/58 MP: 6/6
  2178 | D:4      | Your scales start taking on an icy white colour.
  2178 | D:4      | Reached XP level 7. HP: 64/64 MP: 7/7
  2178 | D:4      | Gained mutation: Your flesh is cold resistant. (rC+) [White
                  | Draconian growth]
  2502 | D:4      | Found a hazy altar of Hepliaklqana.
  2834 | D:5      | Entered Level 5 of the Dungeon
  2869 | D:5      | Noticed Eustachio
  2921 | D:5      | Killed Eustachio
  2922 | D:5      | Reached skill level 1 in Evocations
  2929 | D:5      | Reached XP level 8. HP: 56/71 MP: 8/8
  3390 | D:5      | Reached skill level 5 in Short Blades
  3418 | D:5      | Noticed Menkaure
  3433 | D:5      | Killed Menkaure
  3792 | D:7      | Found a staircase to the Ecumenical Temple.
  3801 | Temple   | Entered the Ecumenical Temple
  3808 | Temple   | Became a worshipper of Warmaster Okawaru
  3838 | D:7      | Reached skill level 5 in Stealth
  3852 | D:7      | Found a hide-covered altar of Uskayaw.
  3956 | D:6      | Reached skill level 1 in Invocations
  3956 | D:6      | Reached XP level 9. HP: 77/78 MP: 9/9
  3965 | D:6      | Reached * piety under Okawaru
  4007 | D:6      | Noticed Edmund
  4025 | D:6      | Killed Edmund
  4467 | D:6      | Noticed Maggie
  4482 | D:6      | Killed Maggie
  4482 | D:6      | Reached ** piety under Okawaru
  4744 | D:7      | Reached XP level 10. HP: 70/84 MP: 10/12
  5064 | D:7      | Found a white marble altar of Elyvilon.
  5349 | D:8      | Found Heidghoki's Jewellery Shop.
  5378 | D:8      | Found Zoxtaeshakh's Jewellery Boutique.
  5407 | D:8      | Found Quzidd's Magic Scroll Emporium.
  5418 | D:8      | Bought a scroll of teleportation for 42 gold pieces
  5715 | D:8      | Found Esumer's Weapon Shop.
  6162 | D:9      | Noticed Prince Ribbit
  6169 | D:9      | Killed Prince Ribbit
  6181 | D:9      | Reached *** piety under Okawaru
  6240 | D:9      | Reached skill level 5 in Evocations
  6531 | D:9      | Noticed a two-headed ogre
  6538 | D:9      | Killed a two-headed ogre
  6538 | D:9      | Reached **** piety under Okawaru
  6538 | D:9      | Received a gift from Okawaru
  6782 | D:10     | Entered Level 10 of the Dungeon
  6836 | D:10     | Found a staircase to the Lair.
  6887 | D:10     | Reached XP level 11. HP: 64/92 MP: 14/14
  6915 | D:10     | Noticed Erolcha
  6920 | D:10     | Killed Erolcha
  6920 | D:10     | Received a gift from Okawaru
  6942 | D:10     | Identified the +5 long sword of the Land of Plenty {drain,
                  | Dex+3}
  6963 | D:10     | Found Juagoaq's Book Shoppe.
  7129 | D:10     | Reached ***** piety under Okawaru
  7213 | D:10     | Reached skill level 5 in Invocations
  7487 | D:10     | Reached skill level 5 in Throwing
  7796 | D:11     | Noticed a green ugly thing
  7811 | D:11     | Killed a green ugly thing
  7889 | D:11     | Received a gift from Okawaru
  8060 | D:11     | Received a gift from Okawaru
  8276 | D:11     | Received a gift from Okawaru
  8712 | D:12     | Noticed Lodul
  8721 | D:12     | Received a gift from Okawaru
  8730 | D:12     | Killed Lodul
  8731 | D:12     | Reached XP level 12. HP: 19/102 MP: 16/16
  8941 | D:8      | Bought the amulet "Odemouw" {Contam rPois rF+++ Regen+
                  | Stlth+} for 734 gold pieces
  9015 | Lair:1   | Entered Level 1 of the Lair of Beasts
  9109 | Lair:1   | Found the +2 Maxwell's thermic engine {flame, freeze}
  9878 | Lair:2   | Noticed Fannar
  9906 | Lair:2   | Killed Fannar
  9964 | Lair:2   | Noticed a catoblepas
  9974 | Lair:2   | Killed a catoblepas
 10170 | Lair:2   | Reached ****** piety under Okawaru
 10192 | Lair:2   | Received a gift from Okawaru
 10647 | Lair:3   | Found a hole to the Spider Nest.
 10754 | Lair:3   | Received a gift from Okawaru
 11037 | Lair:3   | Noticed a death yak
 11039 | Lair:3   | Found an ancient bone altar of Kikubaaqudgha.
 11039 | Lair:3   | Noticed a death yak
 11043 | Lair:3   | Noticed a death yak
 11045 | Lair:3   | Noticed a death yak
 11050 | Lair:3   | Killed a death yak
 11051 | Lair:3   | Reached XP level 13. HP: 111/111 MP: 18/18
 11069 | Lair:3   | Reached skill level 10 in Long Blades
 11186 | Lair:3   | Found a staircase to the Shoals.
 11454 | Lair:4   | Identified the +3 battleaxe "Adididghufym" {antimagic, rF+
                  | Will+}
 11811 | Lair:4   | Found a viscous altar of Jiyva.
 11811 | Lair:4   | Found a staircase to the Slime Pits.
 12113 | Lair:5   | Entered Level 5 of the Lair of Beasts
 12188 | Lair:5   | Received a gift from Okawaru
 12367 | Lair:5   | Reached skill level 10 in Fighting
 13218 | Lair:5   | Reached XP level 14. HP: 121/121 MP: 20/20
 13274 | Lair:5   | Received a gift from Okawaru
 13598 | D:12     | Noticed Nessos
 13601 | D:12     | Killed Nessos
 13681 | D:12     | Found a staircase to the Orcish Mines.
 13875 | D:12     | Noticed Rupert
 13877 | D:12     | Killed Rupert
 14311 | Spider:1 | Entered Level 1 of the Spider Nest
 14315 | Spider:1 | Identified the -1 pair of boots of Resourcefulness {rCorr
                  | Int+5} (Okawaru gifted it to you on level 1 of the Spider
                  | Nest)
 14315 | Spider:1 | Received a gift from Okawaru
 14535 | Spider:1 | Reached skill level 10 in Invocations
 14712 | Spider:1 | Killed a ghost moth
 14797 | Spider:1 | Acquired the ring of Fosuul {rC+ rN+ Int+6}
 14925 | Spider:1 | Reached skill level 10 in Evocations
 15219 | Spider:1 | Noticed an emperor scorpion
 15237 | Spider:1 | Killed an emperor scorpion
 15366 | Spider:1 | Received a gift from Okawaru
 15431 | Spider:1 | Reached XP level 15. HP: 91/129 MP: 22/22
 16084 | Spider:2 | Identified the +2 cloak "Anlutoopa" {*Slow rN+ Dex+4}
                  | (Okawaru gifted it to you on level 2 of the Spider Nest)
 16084 | Spider:2 | Received a gift from Okawaru
 16629 | Spider:2 | Noticed an emperor scorpion
 16648 | Spider:2 | Killed an emperor scorpion
 17388 | Spider:3 | Noticed an emperor scorpion
 17398 | Spider:3 | Killed an emperor scorpion
 17466 | Spider:3 | Received a gift from Okawaru
 17864 | Spider:4 | Entered Level 4 of the Spider Nest
 18040 | Spider:4 | Noticed an emperor scorpion
 18070 | Spider:4 | Killed an emperor scorpion
 18070 | Spider:4 | Received a gift from Okawaru
 18338 | Spider:4 | Reached XP level 16. HP: 139/139 MP: 24/24
 18359 | Spider:4 | Reached skill level 10 in Shields
 18405 | Spider:3 | Identified the +6 short sword "Casiuqi" {vorpal, rCorr
                  | Int+2} (Okawaru gifted it to you on level 3 of the Spider
                  | Nest)
 18405 | Spider:3 | Received a gift from Okawaru
 18420 | Spider:4 | Noticed Mara
 18427 | Spider:3 | Noticed Kazon's illusion
 18428 | Arena    | Entered the Arena
 18444 | Arena    | Noticed Kazon's illusion
 18451 | Arena    | Killed Mara
 18930 | Spider:4 | Reached skill level 10 in Dodging
 18935 | Spider:4 | Identified the +2 pair of boots "Ulesarih" {+Inv rC++
                  | Dex-5} (Okawaru gifted it to you on level 4 of the Spider
                  | Nest)
 18935 | Spider:4 | Received a gift from Okawaru
 20084 | Spider:4 | Got a gossamer rune of Zot
 20401 | D:13     | Noticed Azrael
 20420 | D:13     | Killed Azrael
 20560 | D:13     | Identified the +2 pair of boots "Woevoame" {Regen+}
                  | (Okawaru gifted it to you on level 13 of the Dungeon)
 20560 | D:13     | Received a gift from Okawaru
 20849 | D:13     | Found Ituota Roil's Distillery.
 20932 | D:13     | Reached XP level 17. HP: 149/149 MP: 26/26
 21150 | D:13     | Found a gate to the Vaults.
 21250 | D:14     | Found a runed translucent gate.
 21304 | D:14     | Found a frozen archway.
 21350 | D:14     | Noticed Snorg
 21354 | D:14     | Killed Snorg
 21689 | D:14     | Identified the +6 scale mail "Voetobuo" {Int-3 Dex+8}
 21747 | D:14     | Found a runed translucent gate.
 21748 | D:14     | Found a runed translucent gate.
 21756 | D:14     | Noticed DemonSlayer's ghost (journeyman DsEE)
 22177 | D:15     | Entered Level 15 of the Dungeon
 22240 | D:15     | Received a gift from Okawaru
 22763 | D:15     | Identified Roxanne's Parchment of Spelunking
 22763 | D:15     | Noticed Roxanne
 22788 | D:15     | Killed Roxanne
 22974 | D:15     | Found a staircase to the Depths.
 23211 | Orc:1    | Entered Level 1 of the Orcish Mines
 23225 | Orc:1    | Noticed Urug
 23240 | Orc:1    | Killed Urug
 23720 | Orc:2    | Entered Level 2 of the Orcish Mines
 23720 | Orc:2    | Found a staircase to the Elven Halls.
 23774 | Orc:2    | Noticed SirLogeyBear's ghost (journeyman HOBe)
 23807 | Orc:2    | Found a runed translucent door.
 23861 | Orc:2    | Noticed Donald
 23886 | Orc:2    | Killed Donald
 23959 | Orc:2    | Found a gate leading to a gauntlet.
 23966 | Gauntlet | Entered a Gauntlet
 23966 | Gauntlet | Found a transporter.
 23975 | Gauntlet | Found a transporter.
 23976 | Gauntlet | Found a transporter.
 23977 | Gauntlet | Found a transporter.
 23980 | Gauntlet | Found a transporter.
 23981 | Gauntlet | Found a transporter.
 23985 | Gauntlet | Found a runed translucent door.
 23986 | Gauntlet | Found a runed translucent door.
 23989 | Gauntlet | Found a transporter.
 23989 | Gauntlet | Found the +12 glaive of Prune {vorpal}
 23997 | Gauntlet | Found a transporter.
 24050 | Gauntlet | Identified the ring "Rutul" {Wiz rF+ Int+5}
 24092 | Gauntlet | Identified the amulet of Otuet {Acrobat Str+6}
 24988 | Orc:2    | Found Pisuawn's Antique Armour Emporium.
 24988 | Orc:2    | Found Luduu's Antique Weapon Emporium.
 24990 | Orc:2    | Found Leshref's General Store.
 24990 | Orc:2    | Found Geemeife's Jewellery Shoppe.
 24995 | Orc:2    | Bought a potion of heal wounds for 60 gold pieces
 24995 | Orc:2    | Bought a potion of curing for 36 gold pieces
 24995 | Orc:2    | Bought a scroll of fear for 48 gold pieces
 25138 | Orc:2    | Killed SirLogeyBear's ghost
 25433 | Elf:1    | Entered Level 1 of the Elven Halls
 25551 | Elf:1    | Received a gift from Okawaru
 25633 | Elf:1    | Noticed Agnes
 25727 | Elf:1    | Killed Agnes
 26070 | Elf:1    | Reached XP level 18. HP: 160/160 MP: 28/28
 26546 | Elf:2    | Found Wuev's Magic Scroll Emporium.
 26546 | Elf:2    | Found Uddis's Antique Armour Shoppe.
 26547 | Elf:2    | Found Hiosedoa's Distillery.
 26577 | Elf:2    | Found Zoshugie's Magic Scroll Shoppe.
 26730 | Elf:1    | Found an ancient bone altar of Kikubaaqudgha.
 26764 | Elf:2    | Found a transporter.
 26797 | Elf:2    | Noticed BeingJoeMalik's ghost (adept TeFi)
 26809 | Elf:2    | Found a transporter.
 26917 | Elf:2    | Reached skill level 15 in Long Blades
 27255 | Elf:2    | Found a huge runed translucent gate.
 27256 | Elf:2    | Found a huge runed translucent gate.
 27273 | Elf:2    | Found a huge runed translucent gate.
 27274 | Elf:2    | Found a huge runed translucent gate.
 27274 | Elf:2    | Found a huge runed translucent gate.
 27495 | Elf:2    | Noticed Nikola
 27561 | Elf:2    | Killed Nikola
 27578 | Elf:2    | Received a gift from Okawaru
 27902 | Elf:3    | Entered Level 3 of the Elven Halls
 28097 | Elf:3    | Paralysed by an air elemental for 1 turns
 28111 | Elf:3    | Received a gift from Okawaru
 28194 | Elf:3    | Paralysed by an air elemental for 1 turns
 28213 | Elf:3    | Noticed Asterion
 28220 | Elf:3    | Killed Asterion
 28288 | Elf:3    | Noticed Louise
 28305 | Elf:3    | Killed Louise
 28563 | Elf:3    | Found Ecsiwk's Weapon Shop.
 28610 | Elf:3    | Noticed an Ice Fiend
 28693 | Elf:3    | Found Cel Ymun's Antique Armour Boutique.
 28698 | Elf:3    | Bought the +0 mask of the Dragon {Will+ Slay+3 SInv} for
                  | 1235 gold pieces
 28698 | Elf:3    | Found the +0 mask of the Dragon {Will+ Slay+3 SInv}
 28849 | Elf:3    | Received a gift from Okawaru
 28929 | Elf:3    | Received a gift from Okawaru
 28979 | Elf:3    | Identified the +3 robe of the Original Sin {Will+}
 28985 | Elf:3    | Reached XP level 19. HP: 133/169 MP: 26/29
 29002 | Elf:3    | Reached skill level 15 in Evocations
 29023 | Elf:3    | Identified the +0 pair of gloves of Distant Shores {Harm
                  | rN++}
 29078 | Elf:3    | Identified the +8 flail of Qocw {holy, *Slow rElec Str+6
                  | Int+2}
 29089 | Elf:3    | Identified the +1 pair of gloves of Reason {rC+ Str-2
                  | Dex+3} (Okawaru gifted it to you on level 3 of the Elven
                  | Halls)
 29089 | Elf:3    | Received a gift from Okawaru
 29131 | Elf:3    | Identified the +3 quarterstaff of the Vase {venom, rC+}
 29627 | Shoals:1 | Entered Level 1 of the Shoals
 29630 | Shoals:1 | Reached skill level 10 in Throwing
 30397 | Shoals:2 | Reached skill level 15 in Fighting
 30511 | Shoals:2 | Reached skill level 10 in Stealth
 30986 | Shoals:2 | Identified the +4 chain mail of the Enchanted Forest
                  | {*Corrode Dex+6}
 31062 | Shoals:3 | Reached skill level 15 in Invocations
 31709 | Shoals:4 | Entered Level 4 of the Shoals
 31963 | Shoals:4 | Got a barnacled rune of Zot
 32027 | Shoals:4 | Received a gift from Okawaru
 32396 | Shoals:4 | Received a gift from Okawaru
 32424 | Shoals:4 | Found a runed translucent door.
 32428 | Shoals:4 | Found a shimmering altar of Xom.
 32428 | Shoals:4 | Noticed elongatedgoose's ghost (journeyman MiFi)
 32683 | Shoals:4 | Identified the ring of Zuegae {rPois rF+ rC- MP+9}
 32878 | Shoals:4 | Got Gogief's Precepts of Coordinates
 33321 | Vaults:1 | Entered Level 1 of the Vaults
 33458 | Depths:1 | Entered Level 1 of the Depths
 33468 | Depths:1 | Reached XP level 20. HP: 89/178 MP: 29/31
 33603 | Depths:1 | Found a flickering gateway to a bazaar.
 33609 | Bazaar   | Entered a bazaar
 33651 | Bazaar   | Found Reheffocs's Weapon Shop.
 33651 | Bazaar   | Found Daotseq's Book Boutique.
 33671 | Bazaar   | Bought 3 atropa-tipped darts for 27 gold pieces
 33685 | Bazaar   | Found Fesotas's Book Boutique.
 33685 | Bazaar   | Found Totziet's Assorted Antiques.
 33692 | Bazaar   | Bought a short gold wand for 80 gold pieces
 33731 | Depths:1 | Identified the +1 pair of gloves of the Assorted Stars
                  | {+Blink rPois Str+2 Int+7} (Okawaru gifted it to you on
                  | level 1 of the Depths)
 33731 | Depths:1 | Received a gift from Okawaru
 33774 | Depths:1 | Found an iron altar of Okawaru.
 33938 | Depths:1 | Found a gateway to Hell.
 34028 | Depths:1 | Found a one-way gateway to a ziggurat.
 34879 | Vaults:1 | Got Qickeq's Spellbook of Rank Transformation
 34992 | Vaults:1 | Found Quvviufo's Distillery.
 35009 | Vaults:1 | Bought a potion of heal wounds for 60 gold pieces
 35009 | Vaults:1 | Bought a potion of heal wounds for 60 gold pieces
 35009 | Vaults:1 | Bought a potion of mutation for 96 gold pieces
 35009 | Vaults:1 | Gained mutation: You are robust. (+10% HP) [potion of
                  | mutation]
 35009 | Vaults:1 | Gained mutation: You passively dampen the noise of your
                  | surroundings. [potion of mutation]
 35009 | Vaults:1 | Gained mutation: Your system is resistant to poisons.
                  | (rPois) [potion of mutation]
 35081 | Vaults:1 | Received a gift from Okawaru
 35189 | Vaults:1 | Received a gift from Okawaru
 35868 | Vaults:2 | Identified the +6 battleaxe of the Neverending Dances
                  | {vorpal, rN++ Str-4}
 36141 | Vaults:2 | Found Afiul's Antique Armour Boutique.
 36217 | Vaults:2 | Found a large runed translucent door.
 36218 | Vaults:2 | Found a large runed translucent door.
 36218 | Vaults:2 | Noticed LustLizard's ghost (adept GnWn)
 36495 | Vaults:2 | Received a gift from Okawaru
 36598 | Vaults:2 | Received a gift from Okawaru
 36599 | Vaults:2 | Reached XP level 21. HP: 206/206 MP: 33/33
 36764 | Vaults:2 | Found a transporter.
 36764 | Vaults:2 | Found the +3 pair of seven-league boots {Rampage+∞}
 36774 | Vaults:2 | Found a transporter.
 36922 | Vaults:2 | Identified the +0 hat "Veymaf" {rF++} (Okawaru gifted it to
                  | you on level 2 of the Vaults)
 36922 | Vaults:2 | Received a gift from Okawaru
 37448 | Vaults:3 | Found a white marble altar of Elyvilon.
 37448 | Vaults:3 | Found a crumbling gateway.
 37448 | Vaults:3 | Found a glowing silver altar of Zin.
 37464 | Vaults:3 | Found a glowing golden altar of the Shining One.
 37492 | Desolati | Entered the Desolation of Salt
 37533 | Desolati | Found the +7 captain's cutlass {speed, disarm}
 37578 | Desolati | Got the Teachings on Unified Reformation
 37591 | Desolati | Identified the +8 shadow dragon scales of the Dungeon {Harm
                  | +Inv rElec Will- Stlth++++}
 37605 | Desolati | Got the Textbook on Lethal Black Secrets
 37613 | Desolati | Got the Guidebook on Bewitching Conflict
 37664 | Desolati | Identified the +8 arbalest "Luefib" {freeze, Will+ Stlth+}
 37688 | Desolati | Identified the +3 leather armour of Hionoo {Int+3}
 37690 | Desolati | Got the Papyrus of the Nine Artisans
 37795 | Desolati | Identified the +2 leather armour of Vlad {Contam rElec
                  | Int+2 Slay+5}
 37797 | Desolati | Identified the ring "Xacius" {rPois rC+ Will+ Stlth-}
 38526 | Vaults:3 | Found Ithruantu's Weapon Emporium.
 38564 | Vaults:3 | Found Miyguykosh's Book Boutique.
 38564 | Vaults:3 | Found Fuedgh's Weapon Shop.
 38642 | Vaults:3 | Found a staircase to the Crypt.
 38707 | Vaults:3 | Identified the +2 pair of gloves "Tuiph" {Int+2} (Okawaru
                  | gifted it to you on level 3 of the Vaults)
 38707 | Vaults:3 | Received a gift from Okawaru
 39215 | Vaults:3 | Identified the +0 helmet of Saadutol {Will+}
 39563 | Vaults:3 | Found Feafaf's Weapon Emporium.
 39575 | Vaults:3 | Reached XP level 22. HP: 217/217 MP: 34/34
 40027 | Vaults:4 | Noticed Xtahua
 40039 | Vaults:4 | Killed Xtahua
 40137 | Vaults:4 | Found Arahod's General Store.
 40144 | Vaults:4 | Bought 4 datura-tipped darts for 25 gold pieces
 40176 | Vaults:4 | Noticed Saint Roka
 40193 | Vaults:4 | Killed Saint Roka
 40227 | Vaults:4 | Identified the +7 rapier of Dipterij {vorpal, Int+2}
 40329 | Vaults:4 | Noticed Frederick
 40336 | Vaults:4 | Killed Frederick
 40336 | Vaults:4 | Received a gift from Okawaru
 40992 | Crypt:1  | Entered Level 1 of the Crypt
 41039 | Crypt:1  | Noticed yalue's ghost (adept MiFi)
 41063 | Crypt:1  | Received a gift from Okawaru
 41141 | Crypt:1  | Found a transporter.
 41213 | Crypt:1  | Reached skill level 15 in Shields
 41248 | Crypt:1  | Received a gift from Okawaru
 41411 | Crypt:1  | Identified the +1 hat "Ramadd" {Will+} (Okawaru gifted it
                  | to you on level 1 of the Crypt)
 41411 | Crypt:1  | Received a gift from Okawaru
 41695 | Crypt:1  | Found a transporter.
 41746 | Crypt:1  | Reached skill level 15 in Dodging
 41940 | Crypt:1  | Noticed yalue's ghost (adept MiFi)
 42023 | Crypt:2  | Noticed Bai Suzhen
 42077 | Crypt:2  | Killed Bai Suzhen
 43073 | Crypt:3  | Entered Level 3 of the Crypt
 43925 | Crypt:3  | Received a gift from Okawaru
 44129 | Crypt:3  | Reached skill level 10 in Short Blades
 44329 | Crypt:3  | Reached XP level 23. HP: 213/226 MP: 36/36
 44336 | Crypt:3  | Received a gift from Okawaru
 44436 | Crypt:3  | Found a staircase to the Tomb.
 44719 | Crypt:3  | Found an ancient bone altar of Kikubaaqudgha.
 45025 | Crypt:3  | Noticed a dread lich
 45064 | Crypt:3  | Killed a dread lich
 45083 | Crypt:3  | Identified the +0 chain mail "Liuxtoacim" {*Slow +Inv Int-4
                  | Stlth+}
 45138 | Crypt:3  | Identified the ring of Charity {rN+ rCorr Str+4}
 45138 | Crypt:3  | Identified the ring "Paebalurch" {Fly rN+ rCorr MP-9 Int+8}
 45533 | Tomb:1   | Entered Level 1 of the Tomb of the Ancients
 45700 | Tomb:1   | Paralysed by a sphinx for 3 turns
 45874 | Tomb:1   | Noticed a royal mummy
 45904 | Tomb:1   | Killed a royal mummy
 46063 | Tomb:1   | Reached skill level 1 in Ranged Weapons
 46162 | Tomb:1   | Identified the +6 flail of the Warrior-Mage {protect, rC+
                  | rN+ Str+2 Int+2}
 46196 | Tomb:1   | Noticed a royal mummy
 46224 | Tomb:1   | Killed a royal mummy
 46368 | Tomb:1   | Identified the +0 hat of the Bagpipe {Harm Str+6 Int-3}
                  | (Okawaru gifted it to you on level 1 of the Tomb of the
                  | Ancients)
 46368 | Tomb:1   | Received a gift from Okawaru
 46443 | Tomb:1   | Noticed a royal mummy
 46555 | Tomb:1   | Killed a royal mummy
 47332 | Tomb:2   | Noticed a royal mummy
 47335 | Tomb:2   | Noticed a royal mummy
 47335 | Tomb:2   | Noticed a royal mummy
 47337 | Tomb:2   | Noticed a royal mummy
 47450 | Tomb:2   | Killed a royal mummy
 47771 | Tomb:3   | Entered Level 3 of the Tomb of the Ancients
 47806 | Tomb:3   | Found the +9 sword of Zonguldrok {reap}
 47817 | Arena    | Entered the Arena
 47862 | Arena    | Entered the Arena
 47900 | Arena    | Entered the Arena
 47905 | Arena    | Reached XP level 24. HP: 54/237 MP: 15/36
 47919 | Tomb:3   | Received a gift from Okawaru
 47934 | Arena    | Entered the Arena
 47966 | Arena    | Entered the Arena
 47987 | Arena    | Entered the Arena
 48018 | Tomb:3   | Killed from afar by an ancient champion

Illustrated notes

Levels and vault maps discovered:
D:1:      dpeg_arrival_three_smaller_balls, layout_basic
D:2:      layout_loops_ring
D:3:      layout_basic, serial_shops, nicolae_shop_stone, st_stairs_9,
          minmay_misc_feat_doors, eino_curves_03, uniq_robin
D:4:      minmay_wonky_spiral, layout_basic,
          mainiacjoe_overflow_surrounded_room, minivault_5
D:5:      layout_cave_pods, uniq_menkaure, uniq_eustachio
D:6:      cheibrodos_barr_body, layout_basic, minmay_crystal_room,
          minmay_pentangle, uniq_maggie, uniq_edmund
D:7:      layout_cave_pools, nicolae_uskayaw_murder_on_the_dancefloor,
          elyvilon_altar_4, minmay_temple_entry_purple_smoke
D:8:      layout_basic, serial_shops, shop_statue, kennysheep_little_box, shop,
          nicolae_shop_window_shopping
D:9:      layout_cave_pools, uniq_prince_ribbit1
D:10:     layout_stronghold, erik_lair_island, serial_shops,
          nicolae_shop_statue_plus, uniq_erolcha
D:11:     layout_roguey
D:12:     layout_loops_ring, orc_0_dummy, chequers_serial_rivers_marsh,
          uniq_lodul, uniq_nessos, uniq_rupert
D:13:     layout_gridville, david_vaults_5, serial_shops,
          nicolae_shop_behind_doors, minmay_fractal_squares_gapless_5,
          uniq_azrael
D:14:     layout_roguey, minmay_misc_feat_secret_circle, gammafunk_ghost_split,
          portal_ice_cave_entry_ice_simulacra, uniq_snorg
D:15:     hangedman_depths_entry_try_elsewhere_first, layout_loops_corners,
          uniq_roxanne
Temple:   nicolae_temple_bog_church
Lair:1:   layout_long_grid, fungi_pond_lemuel, cheibrodos_lair_reptile_den
Lair:2:   layout_gridlike, uniq_fannar
Lair:3:   layout_roguey, minmay_shoals_entry_hut,
          nicolae_spider_entry_non_spiders, basic_altar, serial_bayou_crossing
Lair:4:   layout_gridlike, slime_entry_1, serial_rivers,
          chequers_serial_rivers_room_a, chequers_serial_rivers_micro_c,
          chequers_serial_rivers_room_a, chequers_serial_rivers_micro_e,
          minivault_27, grunt_megastairs_3, infiniplex_staircase_pool_2
Lair:5:   evilmike_catoblepas_cave, layout_long_grid
Shoals:1: layout_shoals, nicolae_shoals_lost_giant_pillars
Shoals:2: layout_shoals
Shoals:3: layout_shoals
Shoals:4: shoals_end_simple, layout_shoals, ebering_ghost_xom
Spider:1: layout_chambers, nicolae_spider_undead_wolf_pack
Spider:2: layout_cave_pods
Spider:3: layout_spider_delve
Spider:4: floodkiller_spider_rune_tomb, special_room [special_room_bee],
          uniq_mara
Orc:1:    layout_caves, basic_altar, uniq_urug
Orc:2:    st_orc_congregation, layout_caves, gauntlet_entry_generic,
          hellmonk_ghost_happy_afterlife, uniq_donald
Elf:1:    layout_gridlike, minmay_elf_demonology, lemuel_upstairs_altar,
          uniq_agnes
Elf:2:    elven_hall_of_blades_hangedman_alternative
          [nicolae_blade_entry_diamond_columns], layout_geoelf_diagonals,
          gammafunk_ghost_arena, minmay_shoptagon, uniq_nikola
Elf:3:    elf_hall_gauntlet_narrow, layout_gridlike, serial_shops,
          nicolae_shop_overgrown_old_shop, nicolae_shop_advertising_works
          [nicolae_subvault_shop_adworks], uniq_louise, uniq_asterion
Vaults:1: nicolae_vaults_little_squares_1, v_misc_5, hangedman_vaults_stitches,
          hangedman_vaults_cutoff, grunt_vaults_trifunnel, v_misc_19,
          nicolae_vaults_three_branches, vaults_room_pool,
          vaults_room_door_hall, nicolae_vaults_little_ls,
          nicolae_vaults_rhombus_7, layout_vaults_omnicross, serial_shops, shop
Vaults:2: advil_vaults_ghost_guards, gammafunk_sealed_arena,
          hangedman_vaults_snaps, vaults_room_semicircle,
          hangedman_vaults_slither, v_alt_pattern_4, v_alt_pattern_3,
          hangedman_vaults_cutoff, vaults_mumra_lcd, nicolae_vaults_rhombus_6,
          ontoclasm_vaults_spin, grunt_vaults_focal, layout_vaults_ring,
          serial_shops, shop_statue
Vaults:3: portal_desolation_entry_holy_temple, vaults_room_grunt_arrival_ludios,
          minmay_crypt_entry_simple_walls, nicolae_vaults_little_squares_2,
          vaults_room_ringed_pool, hangedman_vaults_pinch, vaults_dpeg_ring,
          nicolae_vaults_circle_grid_b, nicolae_vaults_sealed_display,
          v_pattern_5, layout_vaults_big_room, serial_shops,
          nicolae_square_shop, nicolae_shop_statue_plus, shop, shop_coins
Vaults:4: nicolae_vaults_disjoint_gnomons, kb_rosetta,
          hangedman_vaults_capsules, nicolae_vaults_ring_of_whatevers,
          serial_ice_b, hangedman_vaults_trim, nicolae_vaults_alarming,
          layout_vaults_omnigrid, serial_shops, shop, uniq_frederick,
          uniq_margery, uniq_saint_roka, uniq_xtahua
Crypt:1:  layout_regular_city, nzn_ghost_randoct, minmay_misc_feat_five,
          grunt_crypt_arrival_split, grunt_megastairs_2
Crypt:2:  layout_gridlike, uniq_bai_suzhen
Crypt:3:  evilmike_haunted_forest
Tomb:1
Tomb:2
Tomb:3
Depths:1: layout_basic, enter_ziggurat_b, corexii_leaking_fountain,
          serial_shops, freezing_bzr, pf_coc_iceberg,
          serial_sigils_hangedman_etch, grunt_ministairs_7,
          okawaru_altar_gauntlet_db

Skill      XL: |  1  2  3  4  5  6  7  8  9 10 11 12 13 14 15 16 17 18 19 20 21 22 23 |
---------------+----------------------------------------------------------------------+-----
Dodging        | 3 5 6 7 8 9 10 11 12 13 14 15 16 | 16.5
Long Blades    | 3 5 6 7 8 9 11 12 13 14 15 16 17 | 17.5
Fighting       | 6 7 8 9 10 11 13 14 15 16 17 | 17.9
Short Blades   | 4 5 6 7 8 9 10 | 10.3
Throwing       | 4 5 6 7 8 9 10 11 12 | 12.2
Stealth        | 4 5 6 7 8 9 10 12 13 | 13.2
Shields        | 5 6 7 8 9 10 11 12 13 14 15 16 | 16.3
Evocations     | 1 2 4 5 6 7 9 10 11 12 13 14 16 17 18 19 | 19.6
Invocations    | 1 2 4 6 7 9 10 11 12 13 14 15 16 17 18 19 | 19.2
Ranged Weapons | 4 |  4.7

Action                   |  1- 3 |  4- 6 |  7- 9 | 10-12 | 13-15 | 16-18 | 19-21 | 22-24 || total
-------------------------+-------+-------+-------+-------+-------+-------+-------+-------++-------
Melee: Long sword        |    70 |       |       |    51 |       |       |       |       ||   121
       Tailslap          |     8 |    10 |    37 |   119 |   211 |   300 |   508 |   393 ||  1586
       Dagger            |    10 |    75 |    28 |   342 |   130 |       |       |       ||   585
       Falchion          |       |       |   272 |   209 |   182 |   100 |       |       ||   763
       Double sword      |       |       |       |   116 |   650 |  1265 |  1220 |   839 ||  4090
       Short sword       |       |       |       |       |       |   254 |   561 |       ||   815
       Cutlass           |       |       |       |       |       |       |    99 |   557 ||   656
Throw: Stone             |     4 |    19 |    46 |    63 |    10 |       |       |       ||   142
       Boomerang         |       |       |       |    34 |    68 |   207 |   172 |   280 ||   761
       Dart              |       |       |       |    24 |   119 |   262 |    37 |     5 ||   447
       Javelin           |       |       |       |     1 |     2 |    16 |    31 |    50 ||   100
Invok: Heroism           |       |       |       |     6 |    12 |    13 |    11 |    12 ||    54
       Finesse           |       |       |       |     1 |       |     1 |     2 |     5 ||     9
       Duel              |       |       |       |       |       |     1 |       |     6 ||     7
 Abil: Breathe Frost     |       |       |    22 |    38 |    19 |     3 |     7 |     1 ||    90
Evoke: Wand              |       |       |     2 |    10 |    14 |    55 |    27 |     8 ||   116
       Phial of floods   |       |       |       |     1 |       |     1 |     2 |       ||     4
       Condenser vane    |       |       |       |     1 |     1 |     1 |     1 |     4 ||     8
       Lightning rod     |       |       |       |       |     5 |     8 |     7 |     5 ||    25
       Piece from Xom's  |       |       |       |       |       |       |     6 |       ||     6
       Tin of tremorston |       |       |       |       |       |       |     5 |     7 ||    12
  Use: Scroll            |     1 |       |     2 |    13 |     7 |    12 |     9 |     8 ||    52
       Potion            |       |     1 |     3 |       |     1 |     1 |     2 |    16 ||    24
 Stab: Sleeping          |       |     7 |     9 |    17 |    32 |    38 |    99 |    71 ||   273
       Paralysed         |       |       |     6 |     5 |     6 |    11 |     6 |     1 ||    35
       Distracted        |       |       |       |       |     5 |     4 |     3 |     3 ||    15
       Petrified         |       |       |       |       |     4 |       |       |       ||     4
       Held in net/web   |       |       |       |       |     2 |       |       |       ||     2
       Invisible         |       |       |       |       |       |       |       |     1 ||     1
Armor: Skin              |    26 |     9 |   115 |   110 |   365 |   458 |   343 |   274 ||  1700
Dodge: Dodged            |    48 |    29 |   177 |   233 |   586 |   912 |  1215 |   962 ||  4162
Block: Buckler           |     5 |       |       |       |       |       |       |       ||     5
       Kite shield       |    25 |    11 |   117 |   237 |   538 |  1084 |  1398 |   989 ||  4399
       Reflection        |       |       |       |       |       |    31 |    70 |    14 ||   115
